 Dungeon Crawl Stone Soup version 0.21.0 (webtiles) character file.

243 shmeve the Chopper (level 5, -6/48 HPs)
             Began as a Minotaur Berserker on Jan 8, 2018.
             Was a Priest of Trog.
             Mangled by a gnoll
             ... wielding a +0 halberd
              (11 damage)
             ... on level 4 of the Dungeon.
             The game lasted 00:05:23 (2631 turns).

shmeve the Chopper (Minotaur Berserker)             Turns: 2631, Time: 00:05:23

Health: -6/48      AC:  9    Str: 22    XL:     5   Next: 82%
Magic:  4/4        EV:  9    Int:  4    God:    Trog [***...]
Gold:   164        SH:  0    Dex: 10    Spells: 4/4 levels left

rFire    . . .     SeeInvis .   a - +0 hand axe
rCold    . . .     Gourm    .   (no shield)
rNeg     . . .     Faith    .   o - +0 chain mail
rPois    .         Spirit   .   (helmet restricted)
rElec    .         Reflect  .   (no cloak)
rCorr    .         Harm     .   (no gloves)
MR       .....                  (no boots)
Stlth    ..........             (no amulet)
HPRegen  0.16/turn              (no ring)
MPRegen  0.09/turn              (no ring)

@: berserk cooldown, slowed, very slow
A: retaliatory headbutt, horns 2
a: Berserk, Trog's Hand, Burn Spellbooks, Renounce Religion


You were on level 4 of the Dungeon.
You worshipped Trog.
Trog was most pleased with you.
You were near starving.

You visited 1 branch of the dungeon, and saw 4 of its levels.

You collected 164 gold pieces.

Inventory:

Hand Weapons
 a - a +0 hand axe (weapon)
 f - a cursed +0 hand axe
Armour
 o - a +0 chain mail (worn)
Wands
 k - a wand of paralysis (11)
Scrolls
 b - 2 scrolls of fog {unknown}
 e - 6 scrolls of amnesia {unknown}
 g - 2 scrolls of enchant weapon {unknown}
 h - 3 scrolls of fear {unknown}
 i - 4 scrolls of identify {unknown}
 l - a scroll of blinking {unknown}
 n - a scroll of teleportation {unknown}
Potions
 d - a potion of resistance {unknown}
 j - a potion of might {unknown}
 m - a potion of heal wounds {unknown}
 p - a potion of magic {unknown}
Comestibles
 c - 3 rations


   Skills:
 * Level 5.2 Fighting
 * Level 5.3 Axes
 + Level 1.8 Throwing
 + Level 3.4 Armour
 + Level 3.1 Dodging


You had 4 spell levels left.
You didn't know any spells.

Dungeon Overview and Level Annotations

Branches:
Dungeon (4/15)
 Temple: D:4-7

Altars:
Wu Jian
Xom
Yredelemnul


Innate Abilities, Weirdness & Mutations

You reflexively headbutt those who attack you in melee.
You have a pair of horns on your head.


Message History

You hit the gnoll.
You kill the gnoll!
Trog accepts your kill.
p - a ruby potion
Things that are here:
a halberd of protection; a gnoll corpse You butcher the gnoll corpse.
You feel a strong urge to attack something.
Things that are here:
a halberd of protection; 2 chunks of flesh; a gnoll skeleton You are no longer berserk.
You are exhausted.
You feel yourself slow down. The gnoll completely misses you.
You hear the slow hiss of an avalanche of sand nearby.
The gnoll hits you but does no damage.
You closely miss the gnoll. The gnoll hits you with a halberd! x2
* * * LOW HITPOINT WARNING * * *
You hit the gnoll but do no damage. Your headbutt misses the gnoll.
The gnoll hits you with a halberd!
You die...

#.......... ..
#.......... .#.#
####..###....
..... #....##
##... .....
###....## #...
...... ###.......#
##..
..<...##.........#
##.
#.....).#......#
##
##..@.####.....# #
##g### #......#
#.. #....... ....
#...... #.>..
..... #...## #...
#...


You could see a gnoll.

Vanquished Creatures
  Terence (D:2)
  A worker ant (D:4)
  Robin (D:2)
  5 gnolls
  5 adders
  An ooze (D:4)
  4 dart slugs
  A leopard gecko (D:3)
  5 orcs (D:3)
  2 giant cockroaches (D:3)
  16 goblins
  12 hobgoblins
  2 jackals (D:3)
  2 quokkas (D:2)
  4 bats
  A frilled lizard (D:3)
  7 kobolds
  6 rats
76 creatures vanquished.

Notes
Turn   | Place    | Note
-------+----------+-------------------------------------------
     0 | D:1      | shmeve the Minotaur Berserker began the quest for the Orb.
     0 | D:1      | Reached XP level 1. HP: 19/19 MP: 0/0
    51 | D:1      | Reached XP level 2. HP: 23/27 MP: 1/1
   534 | D:2      | Noticed Robin
   538 | D:2      | Reached ** piety under Trog
   538 | D:2      | Reached XP level 3. HP: 29/33 MP: 2/2
   544 | D:2      | Killed Robin
   545 | D:2      | Found a basalt altar of Yredelemnul.
   780 | D:2      | Reached skill level 1 in Throwing
  1049 | D:2      | Noticed Terence
  1056 | D:2      | Reached XP level 4. HP: 41/41 MP: 3/3
  1058 | D:2      | Killed Terence
  1133 | D:2      | Reached XP level 5. HP: 40/47 MP: 4/4
  1205 | D:2      | Reached skill level 5 in Axes
  1263 | D:2      | Found a shimmering altar of Xom.
  1775 | D:3      | Found an ornate altar of the Wu Jian Council.
  1805 | D:3      | Reached skill level 5 in Fighting
  2112 | D:3      | Reached *** piety under Trog
  2631 | D:4      | Mangled by a gnoll

Skill      XL: |  1  2  3  4  5 |
---------------+----------------+-----
Axes           | 4 5 |  5.3
Fighting       | 4 5 |  5.2
Throwing       | 1 |  1.8
Armour         | 3 |  3.4
Dodging        | 3 |  3.1

Action                   |  1- 3 |  4- 6 || total
-------------------------+-------+-------++-------
Melee: Hand axe          |    56 |   101 ||   157
       Headbutt          |    11 |    13 ||    24
Invok: Berserk           |     2 |     1 ||     3
  Eat: Chunk             |     1 |     6 ||     7
Armor: Animal skin       |    14 |       ||    14
       Scale mail        |     1 |    10 ||    11
       Chain mail        |       |    26 ||    26
Dodge: Dodged            |    28 |    51 ||    79
